Map: Void Thrashing

Players

raincamp

  • Race: Terran Terran
  • Spawn Location: 9:00

raincamp

  • Race: Terran Terran
  • Spawn Location: 6:00

VOD

Have the link to the VOD?

Description

Time

  • Played on: Jan. 27, 2018, 1:13 p.m.
  • Length: 16:25
Show
View Real Time Build Order
Export as new Build Order

raincamp Terran 

Build Orders:  

Get SALT Encoding   

  11  1:24  Supply Depot  
  11  1:43  Supply Depot  
Show
View Real Time Build Order
Export as new Build Order

raincamp Terran 

Build Orders:  

Get SALT Encoding   

  12  0:03  SCV  
  3  0:20  SCV  
  13  0:26  Refinery  
  14  0:36  SCV  
  15  0:45  Refinery  
  15  0:54  SCV  
  16  1:11  SCV  
  17  1:28  SCV  
  18  1:45  Command Center  
  18  1:50  SCV  
  19  2:06  Barracks  
  19  2:10  SCV  
  20  2:27  SCV  
  21  2:44  SCV  
  22  3:16  Elite Marine  
  26  3:25  SCV  
  27  3:34  SCV  
  28  3:42  Factory  
  28  3:49  SCV  
  29  3:54  Refinery  
  29  3:56  SCV  
  30  4:06  Refinery  
  30  4:08  SCV  
  31  4:19  Barracks Tech Lab  
  31  4:22  Engineering Bay  
  31  4:23  SCV  
  32  4:44  SCV  
  33  5:02  SCV  
  33  5:07  Starport  
  33  5:09  Factory Tech Lab  
  34  5:12  Armory  
  34  5:26  SCV x2  
  36  5:35  Super Stimpack  
  36  5:43  SCV x2  
  38  5:57  Starport Tech Lab  
  38  6:00  SCV x2  
  38  6:04  Ghost Visor  
  40  6:12  Hellbat Rangers  
  44  6:20  Laser Targeting System  
  44  6:56  Lockdown Missiles  
  44  6:58  Smart Servos  
  44  7:00  Triple Tap  
  44  7:06  Raid Liberator  
  50  7:17  Defensive Drone  
  50  7:41  Ares-Class Targeting System  
  50  7:43  Raid Artillery  
  50  7:45  EMP Round  
  50  7:59  Terran Infantry Weapons Level 1  
  50  8:00  Terran Vehicle and Ship Weapons Level 1  
  49  8:19  Elite Marine, Hellbat Rangers  
  57  9:21  Spec Ops Ghost  
  61  9:58  Strike Goliath  
  67  10:19  Tactical Airlift  
  65  10:38  Defensive Drone  
  64  11:13  Raid Liberator  
  70  11:38  Terran Vehicle and Ship Weapons Level 2  
  69  11:50  Defensive Drone  
  67  12:24  Strike Goliath  
  73  12:33  Tactical Airlift  
  73  13:13  Elite Marine, Hellbat Rangers  
  81  13:45  Griffin Airstrike  
  81  13:47  Instant Regeneration  
  81  13:52  Defensive Drone  
  75  14:44  Griffin Airstrike  
  69  14:54  Defensive Drone  
  69  14:59  Strike Goliath  
  72  15:14  Instant Regeneration  
Tags
 
Commander
NovaRaynor
Matchup
Co-op
Replay Pack
Co-op Speedrun
Add a new tag
Caveats
  • Supply blocks, unpowered buildings, or Contaminate may cause inaccurate times.
  • Supply counts are checked every 10 seconds.